General information
- name: BNet
- type: Ladder 1vs1/FFA
- host: Battle.net
- saver: 7.41
map: SecretValley
- players: 2
- length: 09:03
- speed: Fast
- version: 1.26 W3XP
- replay type: Public
» download(29 KB)
Players
team 1 (loser)
JAGeTriXy (
purple | 88 APM | 797 actions | 09:02)
2 Blademaster
1 Wind Walk
1 Critical Strike
» actions
| Assign group hotkey | 35 | |
| Basic commands | 6 | |
| Build / train | 17 | |
| Enter build submenu | 9 | |
| Enter hero's abilities submenu | 3 | |
| Give item / drop item | 1 | |
| Right click | 414 | |
| Select / deselect | 120 | |
| Select group hotkey | 160 | |
| Use ability | 32 | |
797 total
» units
» buildings
| Altar of Storms | 2 | |
| Orc Burrow | 3 | |
| Barracks | 1 | |
| Voodoo Lounge | 1 | |
7 total
» build order
00:02 Altar of Storms
00:06 Altar of Storms
00:17 Orc Burrow
00:50 Barracks
01:25 Orc Burrow
01:44 Voodoo Lounge
02:32 Orc Burrow
» items
| Healing Salve | 1 | |
| Scroll of Speed | 1 | |
2 total
team 2 (winner)
7.41 (
yellow | 62 APM | 557 actions | 09:03)
» actions
| Assign group hotkey | 9 | |
| Basic commands | 11 | |
| Build / train | 31 | |
| ESC pressed | 3 | |
| Enter build submenu | 17 | |
| Right click | 187 | |
| Select / deselect | 203 | |
| Select group hotkey | 28 | |
| Use ability | 68 | |
557 total
» units
» buildings
| Lumber Mill | 1 | |
| Scout Tower | 11 | |
| Guard Tower | 4 | |
| Farm | 2 | |
| Arcane Tower | 2 | |
20 total
» build order
00:17 Lumber Mill
00:53 Scout Tower
00:55 Scout Tower
00:57 Scout Tower
01:11 Guard Tower
01:21 Guard Tower
01:44 Guard Tower
02:44 Scout Tower
02:47 Farm
03:15 Arcane Tower
03:37 Scout Tower
04:02 Scout Tower
04:30 Scout Tower
05:25 Scout Tower
06:22 Farm
06:28 Scout Tower
06:37 Arcane Tower
06:58 Guard Tower
07:13 Scout Tower
07:18 Scout Tower
Chat log
(00:28 / All) JAGeTriXy: gl
(03:00 / All) JAGeTriXy: ur bad
(05:38 / All) 7.41: LEAVE
(05:43 / All) JAGeTriXy: nah
(05:46 / All) 7.41: so mad...
(08:37 / All) 7.41: Lol
(08:41 / All) JAGeTriXy: no worries
(08:43 / All) JAGeTriXy: have enough godl
(08:45 / All) JAGeTriXy: to revive him
(08:48 / All) 7.41: lawl